Map: [ESL] Waterfall

Players

Killermonjas

  • Race: Protoss Protoss
  • Spawn Location: 7:00

trigger - Winner!

  • Race: Protoss Protoss
  • Spawn Location: 1:00

Event: DreamHack SC2 Masters 2022 Valencia

VOD

Have the link to the VOD?

Description

Time

  • Played on: July 1, 2022, 10:34 a.m.
  • Length: 8:20

All games in this series

Show
View Real Time Build Order
Export as new Build Order

Killermonjas Protoss 

Build Orders:  

Get SALT Encoding   

  12  0:01  Probe  
  13  0:13  Probe  
  14  0:17  Pylon  
  14  0:25  Probe (Chrono Boost)  
  15  0:37  Probe (Chrono Boost)  
  15  0:38  Gateway  
  15  0:42  Probe (Chrono Boost)  
  16  0:46  Assimilator  
  17  0:52  Probe  
  17  0:55  Assimilator  
  18  1:04  Probe (Chrono Boost)  
  18  1:10  Gateway  
  19  1:16  Probe (Chrono Boost)  
  20  1:25  Cybernetics Core  
  20  1:26  Probe (Chrono Boost)  
  21  1:33  Pylon  
  21  1:40  Pylon  
  21  1:43  Probe  
  22  1:52  Pylon  
  22  1:56  Probe  
  23  2:02  Stalker  
  23  2:05  Stalker  
  27  2:13  Pylon  
  27  2:25  Pylon  
  27  2:33  Stalker  
  27  2:34  Warp Gate  
  29  2:40  Stalker  
  31  2:55  Nexus  
  31  3:18  Probe  
  31  3:19  Twilight Council  
  30  3:24  Pylon  
  30  3:30  Probe (Chrono Boost)  
  31  3:41  Stalker x2  
  31  3:42  Probe (Chrono Boost)  
  36  3:51  Probe (Chrono Boost)  
  37  3:56  Probe (Chrono Boost)  
  38  4:08  Probe (Chrono Boost)  
  39  4:13  Probe (Chrono Boost)  
  39  4:14  Blink (Chrono Boost)  
  38  4:25  Probe (Chrono Boost)  
  38  4:30  Probe (Chrono Boost)  
  40  4:35  Probe (Chrono Boost)  
  42  4:38  Probe (Chrono Boost)  
  42  4:40  Probe (Chrono Boost)  
  43  4:48  Stalker  
  43  4:49  Probe  
  46  4:56  Pylon  
  46  5:04  Pylon  
  46  5:09  Robotics Facility  
  46  5:14  Nexus, Probe x2 (Chrono Boost)  
  46  5:17  Forge  
  48  5:23  Stalker  
  48  5:26  Probe x2 (Chrono Boost)  
  52  5:30  Pylon  
  52  5:32  Probe x2 (Chrono Boost)  
  54  5:40  Probe  
  55  5:43  Probe  
  55  5:45  Assimilator  
  56  5:50  Gateway  
  56  5:52  Protoss Ground Weapons Level 1, Probe  
  56  5:53  Gateway  
  56  5:56  Observer  
  58  6:00  Gateway  
  58  6:05  Probe  
  58  6:08  Gateway  
  59  6:17  Stalker, Warp Prism (Chrono Boost)  
  63  6:19  Probe x2  
  65  6:27  Stalker  
  65  6:32  Shield Battery  
  68  6:40  Pylon  
  68  6:45  Probe  
  68  6:48  Stalker x2  
  68  6:50  Immortal (Chrono Boost)  
  68  6:53  Probe  
  77  6:54  Shield Battery  
  77  7:08  Stalker x2  
  75  7:09  Stalker  
  78  7:21  Probe (Chrono Boost)  
  78  7:22  Probe (Chrono Boost)  
  81  7:28  Adept, Probe (Chrono Boost)  
  81  7:29  Adept  
  85  7:32  Pylon  
  85  7:34  Pylon, Probe (Chrono Boost)  
  81  7:43  Stalker x2  
  79  7:51  Stalker x4  
  82  8:11  Stalker x2  
Show
View Real Time Build Order
Export as new Build Order

trigger Protoss - Winner!

Build Orders: Oracle Opening 

Get SALT Encoding   

  12  0:00  Probe  
  13  0:12  Probe  
  14  0:18  Pylon  
  14  0:24  Probe (Chrono Boost)  
  15  0:37  Probe (Chrono Boost)  
  15  0:38  Gateway  
  16  0:45  Probe (Chrono Boost)  
  16  0:46  Assimilator  
  17  0:51  Probe  
  18  1:03  Probe  
  19  1:15  Probe  
  19  1:16  Pylon  
  20  1:25  Cybernetics Core  
  20  1:26  Zealot  
  20  1:27  Probe  
  23  1:36  Assimilator  
  23  1:40  Probe (Chrono Boost)  
  24  1:52  Probe (Chrono Boost)  
  25  1:59  Probe (Chrono Boost)  
  26  2:01  Stalker  
  26  2:02  Warp Gate  
  26  2:06  Probe  
  28  2:21  Probe  
  29  2:24  Pylon  
  29  2:33  Stargate  
  29  2:39  Nexus  
  29  2:45  Shield Battery  
  29  2:47  Probe  
  30  2:55  Stalker  
  32  3:03  Probe  
  33  3:09  Pylon  
  33  3:14  Oracle (Chrono Boost)  
  33  3:15  Probe  
  37  3:27  Probe  
  37  3:28  Pylon  
  37  3:31  Gateway  
  38  3:39  Probe  
  39  3:47  Oracle  
  42  3:51  Probe (Chrono Boost)  
  42  3:54  Stalker  
  46  3:56  Probe (Chrono Boost)  
  46  4:02  Probe (Chrono Boost)  
  47  4:05  Probe (Chrono Boost)  
  47  4:08  Probe  
  48  4:15  Probe  
  50  4:18  Stalker  
  50  4:23  Probe  
  53  4:25  Twilight Council  
  53  4:28  Assimilator  
  53  4:29  Shield Battery  
  53  4:34  Robotics Facility  
  53  4:35  Gateway  
  51  4:38  Shield Battery  
  51  4:40  Stalker  
  53  4:46  Pylon  
  53  4:47  Stalker  
  53  4:50  Probe  
  53  4:51  Probe  
  57  5:02  Probe  
  57  5:04  Twilight Council  
  57  5:05  Stalker  
  57  5:06  Probe  
  61  5:13  Pylon  
  61  5:14  Probe  
  61  5:18  Probe  
  63  5:21  Observer (Chrono Boost)  
  63  5:23  Stalker  
  63  5:27  Probe  
  67  5:30  Assimilator  
  67  5:31  Pylon  
  67  5:32  Pylon  
  67  5:34  Stalker  
  69  5:35  Stalker  
  69  5:41  Probe  
  72  5:47  Blink (Chrono Boost)  
  72  6:04  Immortal (Chrono Boost)  
  72  6:09  Probe x2  
  78  6:14  Nexus  
  78  6:15  Pylon  
  78  6:20  Stalker x2  
  78  6:22  Probe  
  83  6:26  Pylon  
  83  6:29  Probe  
  84  6:34  Stalker  
  86  6:41  Observer  
  86  6:42  Probe  
  86  6:46  Probe  
  89  6:47  Stalker x2  
  89  6:50  Shield Battery  
  89  6:54  Probe, Forge  
  93  6:58  Probe  
  93  6:59  Stalker  
  94  7:08  Probe  
  94  7:10  Probe  
  94  7:13  Stalker x2  
  100  7:16  Warp Prism (Chrono Boost)  
  100  7:21  Probe  
  100  7:22  Probe  
  104  7:28  Stalker  
  104  7:29  Probe  
  107  7:33  Probe  
  107  7:36  Probe  
  109  7:38  Stalker x2  
  113  7:51  Gateway  
  113  7:53  Gateway  
  113  7:56  Stalker  
  117  8:10  Stalker x2  

Tags
 
Add a new tag
Caveats
  • Supply blocks, unpowered buildings, or Contaminate may cause inaccurate times.
  • Supply counts are checked every 10 seconds.